 Dungeon Crawl Stone Soup version 0.29.1-15-g9cfb28693d (webtiles) character file.

Game seed: 5605883635786321438

30 monsoonserge the Trooper (level 3, 0/30 HPs)
             Began as a Formicid Abyssal Knight on Apr 26, 2023.
             Was a Believer of Lugonu.
             Slain by a gnoll
             ... wielding a +0 halberd
              (6 damage)
             ... on level 2 of the Dungeon.
             The game lasted 00:05:27 (1208 turns).

monsoonserge the Trooper (Formicid Abyssal Knight)  Turns: 1208, Time: 00:05:28

Health: 0/30       AC:  8    Str: 16 (19) XL:     3   Next: 35%
Magic:  4/5        EV:  6    Int:  7 (9)  God:    Lugonu [**....]
Gold:   66         SH:  0    Dex: 11 (14) Spells: 2/2 levels left

rFire   . . .      SeeInvis +   a - +1 mace
rCold   . . .      Faith    .   (no shield)
rNeg    . . .      Spirit   .   j - +0 chain mail
rPois   .          Reflect  .   (helmet unavailable)
rElec   .          Harm     .   (no cloak)
rCorr   .          Rampage  .   (no gloves)
Will    .....                   (no boots)
Stlth   ..........              (no amulet)
HPRegen 0.10/turn               (no ring)
MPRegen 0.09/turn               (no ring)

@: no status effects
A: permanent stasis, dig shafts and tunnels, antennae 3, four strong arms
a: Dig, Shaft Self, Renounce Religion, Depart the Abyss, Bend Space


You were on level 2 of the Dungeon.
You worshipped Lugonu.
Lugonu was pleased with you.
You visited 1 branch of the dungeon, and saw 2 of its levels.
You visited the Abyss 1 time.

You collected 66 gold pieces.

Inventory:

Hand Weapons
 a - a +1 mace (weapon)
 l - a +0 sling
Missiles
 d - 5 stones (quivered)
Armour
 b - a +0 leather armour
 h - a +0 scale mail
 j - a +0 chain mail (worn)
Scrolls
 g - a scroll of vulnerability {unknown}
 i - 2 scrolls of identify {unknown}
Potions
 c - a potion of flight {unknown}
 e - a potion of degeneration
 k - a potion of curing


   Skills:
 + Level 3.8 Fighting
 + Level 2.7 Maces & Flails
 + Level 2.2 Armour
 + Level 0.8 Dodging
 * Level 2.7 Invocations


You had 2 spell levels left.
You didn't know any spells.
Your spell library contained the following spells:

 Spells                   Type           Power      Damage    Failure   Level
 Sublimation of Blood     Necr           0%         N/A       100%        2
 Wereblood                Tmut           0%         N/A       100%        2
 Summon Hydra             Summ           0%         N/A       100%        7


Dungeon Overview and Level Annotations

Branches:
Dungeon (2/15)

Altars:


Innate Abilities, Weirdness & Mutations

You cannot be hasted, slowed, berserked, paralysed or teleported.
You can dig through walls and to a lower floor.
You have a pair of large antennae on your head. (SInv)
Your four strong arms can wield two-handed weapons with a shield.


Message History

HP restored.
Things that are here:
a +0 club; a kobold corpse You sense a monster nearby. 2 gnolls come into view.
Found a bubbling emerald potion.
Found a short runed staff.
The gnoll barely misses you.
You see here a scroll labelled EDI XIESMO.
i - 2 scrolls labelled EDI XIESMO (gained 1)
The gnoll hits you from afar with a +0 halberd!
The gnoll barely misses you.
You hit the gnoll.
The gnoll is moderately wounded.
The gnoll barely misses you. The gnoll hits you with a +0 flail.
The gnoll barely misses you. The gnoll hits you with a +0 flail.
Okay, then.
Space bends violently around you!
You blink.
A worm and a gnoll come into view.
The gnoll shouts!
You hear a shout!
You hear an angry hiss.
A goblin comes into view. It is wielding a +0 club.
Press: ? - help, v - describe, . - travel, g - get item Item here: a short runed staff.
The floor.
It was a potion of degeneration.
There was something very wrong with that liquid.
You feel weakened.
You feel dopey.
You feel clumsy.
The goblin shouts!
A ball python comes into view.
The gnoll hits you but does no damage.
It was a potion of curing.
You feel better. The gnoll hits you with a +0 whip.
The gnoll hits you from afar with a +0 halberd!
Space bends violently around you!
You blink.
An adder comes into view.
The gnoll barely misses you.
You sock the gnoll!
The gnoll is severely wounded.
The gnoll hits you with a +0 flail.
* * * LOW HITPOINT WARNING * * *
The gnoll hits you from afar with a +0 halberd.
You die...

#.##{#.#.# #.#
#.##.#.#.# #.#
#.##.!.#.# #.#
#S#...##.# #.#
#.....##.###.#
#g#........#.#
#g#........#.#####
#g#...............
#@#........#)#####
#####.#..###.#
#.#..# #.#####
...... #.>....
.......########
........ ......


You could see 3 gnolls and a ball python.

Vanquished Creatures
  3 endoplasms (D:1)
  2 giant cockroaches (D:1)
  5 goblins (D:1)
  A hobgoblin (D:2)
  4 jackals (D:1)
  A quokka (D:2)
  2 ball pythons (D:1)
  3 bats
  2 frilled lizards (D:1)
  A kobold (D:2)
  A rat (D:1)
25 creatures vanquished.

Notes
Turn   | Place    | Note
-------+----------+-------------------------------------------
     0 | Abyss:1  | monsoonserge the Formicid Abyssal Knight began the quest
                  | for the Orb.
     0 | Abyss:1  | Reached XP level 1. HP: 18/18 MP: 2/2
     1 | D:1      | Escaped the Abyss
   246 | D:1      | Reached XP level 2. HP: 24/24 MP: 3/3
   560 | D:1      | Reached XP level 3. HP: 27/29 MP: 4/4
  1208 | D:2      | Slain by a gnoll

Illustrated notes

Levels and vault maps discovered:
D:1:      nicolae_arrival_washed_ashore, layout_loops_ring, serial_forest,
          infiniplex_forest_clump_medium, infiniplex_forest_lined_room_3,
          infiniplex_forest_straight_4, infiniplex_forest_corner_1,
          infiniplex_forest_clump_small, infiniplex_forest_clump_curved,
          infiniplex_forest_end_1, infiniplex_forest_lined_corner
D:2:      minmay_recursive_quarters, layout_rooms

Action                   || total
-------------------------++-------
Melee: Mace              ||    60
Invok: Bend Space        ||     2
  Use: Potion            ||     2
Armor: Leather armour    ||    10
       Scale mail        ||     5
       Chain mail        ||     9
Dodge: Dodged            ||    36
